 Dungeon Crawl Stone Soup version 0.20-b1-24-gb21faa7 (webtiles) character file.

382 MydosGodOfBeginnings the Shooter (level 6, -4/50 HPs)
             Began as a Centaur Arcane Marksman on May 25, 2017.
             Slain by Duvessa
             ... wielding a cursed -2 rapier
              (5 damage)
             ... on level 4 of the Dungeon.
             The game lasted 00:13:44 (3790 turns).

MydosGodOfBeginnings the Shooter (CeAM)             Turns: 3790, Time: 00:13:45

Health: -4/50      AC:  5    Str: 15    XL:     6   Next: 47%
Magic:  9/9        EV: 10    Int: 13    God:
Gold:   185        SH:  0    Dex: 11    Spells: 3/9 levels left

rFire    . . .     SeeInvis .   h - +2 whip (venom)
rCold    . . .     Gourm    .   (no shield)
rNeg     . . .     Faith    .   e - +0 robe
rPois    .         Spirit   .   (no helmet)
rElec    .         Reflect  .   (no cloak)
rCorr    .         Harm     .   i - +0 pair of gloves {Str+3}
MR       .....                  (no barding)
Stlth    ..........             (no amulet)
Regen    0.2/turn               j - ring of loudness (curse)
MPRegen  0.2/turn               (no ring)

@: lethally poisoned (-4 -> -6), very quick
A: hooves 3, deformed body, speed 2, tough skin 3
a: no special abilities


You were on level 4 of the Dungeon.
You were near starving.

You visited 2 branches of the dungeon, and saw 5 of its levels.
You also visited: Sewer.

You collected 185 gold pieces.

Inventory:

Hand Weapons
 a - a +0 shortbow
 h - a +2 whip of venom (weapon)
Missiles
 d - 31 arrows
Armour
 e - a +0 robe (worn)
 i - a +0 pair of gloves of strength (worn)
Jewellery
 j - a cursed ring of loudness (left hand)
 p - an uncursed amulet of guardian spirit
Scrolls
 o - a scroll of enchant weapon {unknown}
 q - 3 scrolls of identify
 r - a scroll of random uselessness {unknown}
 s - 4 scrolls of remove curse {unknown}
 u - a scroll of teleportation {unknown}
 x - a scroll of amnesia {unknown}
Potions
 b - a potion of haste {unknown}
 g - 2 potions of flight {unknown}
 k - 2 potions of heal wounds {unknown}
 m - 2 potions of curing {unknown}
 t - a potion of brilliance {unknown}
 v - a potion of might {unknown}
Books
 c - a book of Debilitation

   Spells                             Type                      Level
   a - Corona                         Hexes                        1
   b - Slow                           Hexes                        2
   c - Inner Flame                    Hexes/Fire                   3
   d - Portal Projectile              Hexes/Translocation          3
   e - Cause Fear                     Hexes                        4
   f - Leda's Liquefaction            Hexes/Earth                  4
 w - a book of Misfortune

   Spells                             Type                      Level
   a - Confusing Touch                Hexes                        1
   b - Confuse                        Hexes                        3
   c - Gell's Gravitas                Translocation                3
   d - Petrify                        Transmutation/Earth          4
   e - Metabolic Englaciation         Hexes/Ice                    5
   f - Yara's Violent Unravelling     Hexes/Transmutation          5
Comestibles
 f - 2 bread rations
 l - a meat ration
 n - 6 fruits


   Skills:
 + Level 2.6 Fighting
 + Level 5.4 Bows
 + Level 2.3 Dodging
 + Level 2.2 Spellcasting
 + Level 3.9 Hexes


You had 3 spell levels left.
You knew the following spells:

 Your Spells              Type           Power        Failure   Level  Hunger
a - Corona                Hex            ##.....      4%          1    ##.....
b - Slow                  Hex            ##......     8%          2    ###....
c - Confuse               Hex            ##......     16%         3    ####...


Dungeon Overview and Level Annotations

Branches:
Dungeon (4/15)             Temple (1/1) D:4

Altars:
Dithmenos
Elyvilon
Fedhas
Kikubaaqudgha
Makhleb
Nemelex Xobeh
Ru
Trog
Uskayaw
Vehumet
Xom
Yredelemnul
The Shining One

Annotations:
D:4 Dowan, Duvessa, Robin


Innate Abilities, Weirdness & Mutations

You have hooves in place of feet.
Armour fits poorly on your strangely shaped body.
You cover ground very quickly.
You have extremely tough skin. (AC +3)


Message History

A goblin and Robin come into view.
A goblin and a hobgoblin come into view.
The goblin shouts!
The hobgoblin shouts!
The goblin shouts!
Robin roars a battlecry!
The goblins go into a battle-frenzy! 3 goblins come into view.
A goblin comes into view. It is wielding a club.
The goblin shouts! x4
* * * LOW HITPOINT WARNING * * *
You feel sick.
Dowan casts a spell.
Dowan blinks!
Found a stone staircase leading up.
The hobgoblin hits you but does no damage.
The goblin hits you but does no damage. The goblin barely misses you.
You hit the goblin.
You kill the goblin!
* * * LOW HITPOINT WARNING * * *
You feel sick. Duvessa closely misses you. Duvessa hits you with a rapier.
You die...

##.........#
#..#
###........
#e.# ##.......#
#..#
##.......##..##
......#...##
......#....##
............###
.......eg......
.......@ggg....
......#)gg.....
.....##ggggg...
...## ##.......
..# ....... .#
#...... .....<
.....#


You could see Duvessa, Dowan, Robin, 3 hobgoblins and 7 goblins.

Vanquished Creatures
  The ghost of FakerFangirl the Cudgeler, an amateur DrAE (D:4)
  A big kobold (Sewer)
  Natasha (thrice) (D:2)
  4 adders
  A river rat (D:3)
  2 oozes (D:3)
  7 worms
  3 dart slugs (D:1)
  2 leopard geckos
  3 orcs
  11 bats
  2 giant cockroaches
  8 hobgoblins
  2 jackals (Sewer)
  7 kobolds
  2 quokkas (D:3)
  2 frilled lizards
  6 goblins
  9 rats
76 creatures vanquished.

Notes
Turn   | Place    | Note
-------+----------+-------------------------------------------
     0 | D:1      | MydosGodOfBeginnings the Centaur Arcane Marksman began the quest for the Orb.
     0 | D:1      | Reached XP level 1. HP: 16/16 MP: 2/2
   730 | D:1      | Reached skill level 3 in Bows
   730 | D:1      | Reached XP level 2. HP: 23/23 MP: 3/3
  1300 | D:1      | Reached XP level 3. HP: 20/28 MP: 0/4
  1545 | D:2      | Learned a level 2 spell: Slow
  1630 | D:2      | Reached skill level 4 in Bows
  1704 | D:2      | Found a sacrificial altar of Ru.
  1825 | D:2      | Noticed Natasha
  1835 | D:2      | Killed Natasha
  1835 | D:2      | Reached XP level 4. HP: 22/35 MP: 1/6
  2164 | D:2      | Noticed Natasha
  2173 | D:2      | Killed Natasha
  2329 | D:2      | Noticed Natasha
  2335 | D:2      | Killed Natasha
  2335 | D:2      | Reached XP level 5. HP: 36/41 MP: 5/7
  2402 | D:3      | Found a bloodstained altar of Trog.
  2429 | D:3      | Found a glowing drain.
  2440 | Sewer    | Entered a sewer
  2577 | Sewer    | Found a white marble altar of Elyvilon.
  3124 | D:3      | Reached XP level 6. HP: 40/48 MP: 9/9
  3127 | D:3      | Reached skill level 5 in Bows
  3291 | D:3      | Learned a level 3 spell: Confuse
  3413 | D:4      | Found a staircase to the Ecumenical Temple.
  3427 | D:4      | Noticed FakerFangirl's ghost (amateur DrAE)
  3435 | Temple   | Entered the Ecumenical Temple
  3666 | D:4      | Killed FakerFangirl's ghost
  3724 | D:4      | Found a hide-covered altar of Uskayaw.
  3726 | D:4      | Noticed a dagger
  3726 | D:4      | Noticed an enchanted hand axe
  3765 | D:4      | Noticed Duvessa
  3765 | D:4      | Noticed Dowan
  3786 | D:4      | Noticed Robin
  3788 | D:4      | HP: 2/50 [poisoned by Dowan]
  3790 | D:4      | Slain by Duvessa

Skill      XL: |  1  2  3  4  5  6 |
---------------+-------------------+-----
Bows           | 3 4 5 |  5.4
Hexes          | 3 |  3.9
Fighting       | 2 |  2.6
Dodging        | 2 |  2.3
Spellcasting   | 2 |  2.2

Action                   |  1- 3 |  4- 6 || total
-------------------------+-------+-------++-------
Melee: Whip              |    54 |   120 ||   174
       Kick              |     8 |    26 ||    34
 Fire: Shortbow          |    32 |    26 ||    58
 Cast: Corona            |    14 |     5 ||    19
       Slow              |     2 |     2 ||     4
       Confuse           |       |     2 ||     2
  Use: Scroll            |     1 |     2 ||     3
 Stab: Confused          |       |     1 ||     1
  Eat: Chunk             |     2 |     5 ||     7
Armor: Robe              |    40 |    44 ||    84
Dodge: Dodged            |    36 |    72 ||   108
